 Dungeon Sprint DCSS version 0.24-a0-458-gfcb5e6da0e (webtiles) character file.

Game seed: 4540955933890820186

33800000 epen the Middleweight Champion (level 27, 257/273 HPs)
             Began as a Ghoul Gladiator on June 26, 2019.
             Was the Champion of Makhleb.
             Escaped with the Orb!
             The game lasted 00:04:12 (169 turns).

epen the Middleweight Champion (Ghoul Gladiator)     Turns: 169, Time: 00:04:13

Health: 257/273    AC:  8    Str: 23    XL:     27
Magic:  53/53      EV: 33    Int:  3    God:    Makhleb [******]
Gold:   0          SH:  0    Dex: 18    Spells: 80/80 levels left

rFire    . . .     SeeInvis .   k - +∞ Axe of Woe
rCold    + . .     Gourm    .   (shield currently unavailable)
rNeg     + + +     Faith    .   a - +0 leather armour
rPois    ∞         Spirit   .   b - +0 helmet
rElec    .         Reflect  .   (no cloak)
rCorr    .         Harm     .   (no gloves)
MR       ++...     NoTele   +   (no boots)
Stlth    +++.......             (no amulet)
HPRegen  0.00/turn              (no ring)
MPRegen  0.33/turn              (no ring)

@: rotting
A: rotting body, claws 1, carnivore, cold resistance 1, negative energy
resistance 3, inhibited regeneration, torment resistance, unbreathing
0: Orb of Zot
a: Minor Destruction, Lesser Servant of Makhleb, Major Destruction, Greater
Servant of Makhleb, Renounce Religion


You escaped.
You worshipped Makhleb.
Makhleb was exalted by your worship.
You were not hungry.

You visited 1 branch

Inventory:

Hand Weapons
 k - the +∞ Axe of Woe (weapon)
   (You found it in the Dungeon)
Missiles
 c - 3 throwing nets (quivered)
Armour
 a - a +0 leather armour (worn)
 b - a +0 helmet (worn)
Scrolls
 j - a scroll of blinking
Potions
 e - a potion of curing
 f - a potion of heal wounds
 g - a potion of haste
 h - 2 potions of magic
 i - a potion of berserk rage
Comestibles
 d - a ration


   Skills:
 O Level 27 Fighting
 O Level 27 Axes
 O Level 27 Throwing
 O Level 27 Armour
 O Level 27 Dodging
 O Level 27 Stealth
 O Level 27 Unarmed Combat
 O Level 27 Spellcasting
 O Level 27 Invocations


You had 80 spell levels left.
You didn't know any spells.
Your spell library was empty.

Dungeon Overview and Level Annotations

Branches:
Dungeon (1/1)

Altars:
Makhleb

Annotations:
D The Servant


Innate Abilities, Weirdness & Mutations

Your body is rotting away.
You thrive on raw meat.
You are immune to poison.
You have sharp fingernails.
You are carnivorous and can eat meat at any time.
Your flesh is cold resistant. (rC+)
You are immune to negative energy. (rN+++)
You do not regenerate when monsters are visible.
You are immune to unholy pain and torment.
You can survive without breathing.


Message History

You hear a roar! x2; The bag of meat shouts!
You hear an angry hiss.
A hydra and a hell knight come into view.
There is a staircase leading out of the dungeon, spattered with blood here.
You see here a chunk of flesh.
Your library has no spells.
There are monsters nearby!
Your library has no spells.
You can't go down here!
You hear a roar!
You hear a shout! x2
The small abomination completely misses you.
The tyrant mumbles some strange words.
The tyrant seems to speed up.
The meat beast completely misses you. The meat beast misses you.
You hear a shout!
The accursed hits you! The Servant misses you.
You hear a shout! x4
The small abomination misses you.
The eight-headed meat hydra moves out of view.
You hear a roar!
You hear a shout! x2
You have escaped! ..§.o .D #.§X o# . #..X oo#

..###..o L%###L
.L...O###...%..
.§..@_.%.%..
#)2x%.# #{M@O_#
#oO2.O#
#oo..oDz._%o%...
LoLO..So###...{%.
Ooo###.%. ..###.
O. #S.. ..# #....
.# p.... ..
.oD%...


You could see an accursed, 2 meat beasts, 4 tyrants, The Servant, 2 eight-headed
meat hydras, 2 scourges, a fleshlord, a sculptor of flesh, 2 large bags of meat,
3 meat berserkers, a small abomination and 8 bags of meat.

Vanquished Creatures
  Dispater (D)
  3 hell knights (D)
  Sigmund (D)
  6 hell beasts (D)
  9 greater mummies (D)
  6 great orbs of eyes (D)
  7 wraiths (D)
  18 vampire knights (D)
  41 ogres (D)
  10 two-headed ogres (D)
  3 liches (D)
  8 hydras (D)
  67 orcs (D)
  A phantom (D)
  11 skeletal warriors (D)
  3 sea snakes (D)
  11 large abominations (D)
  8 small abominations (D)
  19 crawling corpses (D)
233 creatures vanquished.

Vanquished Creatures (others)
  A crawling corpse (D)
1 creature vanquished.

Grand Total: 234 creatures vanquished

Notes
Turn   | Place    | Note
-------+----------+-------------------------------------------
     0 | D        | Found the +∞ Axe of Woe
     0 | D        | epen the Ghoul Gladiator began the quest for the Orb.
     0 | D        | Reached XP level 1. HP: 17/17 MP: 0/0
     2 | D        | Noticed a meat berserker
     2 | D        | Noticed a bag of meat
     4 | D        | Became a worshipper of Makhleb the Destroyer
     7 | D        | Killed a meat berserker
     7 | D        | Reached XP level 2. HP: 42/42 MP: 1/1
     7 | D        | Reached XP level 3. HP: 49/49 MP: 2/2
     7 | D        | Reached XP level 4. HP: 57/57 MP: 3/3
     7 | D        | Reached XP level 5. HP: 63/63 MP: 4/4
     7 | D        | Reached XP level 6. HP: 71/71 MP: 5/5
     7 | D        | Reached XP level 7. HP: 78/78 MP: 6/6
     7 | D        | Reached XP level 8. HP: 84/84 MP: 7/7
     7 | D        | Reached XP level 9. HP: 91/91 MP: 8/8
     7 | D        | Reached XP level 10. HP: 99/99 MP: 9/9
     7 | D        | Reached XP level 11. HP: 105/105 MP: 10/10
     7 | D        | Reached XP level 12. HP: 113/113 MP: 11/11
     7 | D        | Reached XP level 13. HP: 119/119 MP: 12/12
    11 | D        | Noticed a bag of meat
    11 | D        | Noticed a bag of meat
    11 | D        | Noticed a bag of meat
    14 | D        | Noticed a bag of meat
    15 | D        | Killed a bag of meat
    15 | D        | Reached * piety under Makhleb
    15 | D        | Reached skill level 5 in Axes
    15 | D        | Reached XP level 14. HP: 129/129 MP: 13/13
    15 | D        | Noticed a bag of meat
    15 | D        | Noticed a bag of meat
    16 | D        | Noticed a bag of meat
    17 | D        | Killed a bag of meat
    17 | D        | Killed a bag of meat
    17 | D        | Reached skill level 15 in Fighting
    17 | D        | Reached XP level 15. HP: 141/141 MP: 14/14
    17 | D        | Noticed a meat berserker
    17 | D        | Noticed a meat berserker
    18 | D        | Killed a meat berserker
    18 | D        | Reached ** piety under Makhleb
    18 | D        | Reached skill level 10 in Axes
    18 | D        | Reached skill level 27 in Unarmed Combat
    18 | D        | Reached XP level 16. HP: 154/154 MP: 15/15
    18 | D        | Noticed a meat berserker
    19 | D        | Reached skill level 1 in Armour
    19 | D        | Noticed a large bag of meat
    19 | D        | Noticed a meat berserker
    19 | D        | Noticed a large bag of meat
    20 | D        | Reached skill level 15 in Throwing
    20 | D        | Killed a meat berserker
    20 | D        | Reached *** piety under Makhleb
    20 | D        | Reached skill level 27 in Dodging
    20 | D        | Reached XP level 17. HP: 172/172 MP: 16/16
    21 | D        | Killed a meat berserker
    21 | D        | Reached skill level 5 in Armour
    21 | D        | Reached XP level 18. HP: 188/188 MP: 17/17
    21 | D        | Killed a large bag of meat
    21 | D        | Noticed a large bag of meat
    22 | D        | Reached **** piety under Makhleb
    22 | D        | Reached XP level 19. HP: 204/204 MP: 18/18
    23 | D        | Noticed a destroyer
    23 | D        | Noticed a large bag of meat
    24 | D        | Killed a meat berserker
    24 | D        | Reached skill level 27 in Fighting
    24 | D        | Reached skill level 27 in Axes
    24 | D        | Reached skill level 10 in Armour
    24 | D        | Reached ***** piety under Makhleb
    24 | D        | Noticed a meat berserker
    24 | D        | Noticed a destroyer
    25 | D        | Killed a large bag of meat
    25 | D        | Reached skill level 27 in Throwing
    25 | D        | Reached XP level 20. HP: 216/216 MP: 19/19
    25 | D        | Killed a large bag of meat
    25 | D        | Noticed an eight-headed meat hydra
    25 | D        | Noticed a large bag of meat
    27 | D        | Killed a large bag of meat
    27 | D        | Reached skill level 27 in Armour
    27 | D        | Reached skill level 10 in Stealth
    27 | D        | Reached XP level 21. HP: 219/224 MP: 19/30
    28 | D        | Noticed a destroyer
    29 | D        | Killed a destroyer
    29 | D        | Killed a meat berserker
    29 | D        | Reached ****** piety under Makhleb
    29 | D        | Reached XP level 22. HP: 233/233 MP: 19/42
    30 | D        | Killed a destroyer
    31 | D        | Reached skill level 27 in Stealth
    31 | D        | Reached skill level 27 in Invocations
    31 | D        | Reached XP level 23. HP: 240/240 MP: 19/50
    32 | D        | Killed a destroyer
    32 | D        | Reached skill level 27 in Spellcasting
    32 | D        | Noticed a destroyer
    32 | D        | Noticed a large bag of meat
    32 | D        | Noticed a destroyer
    34 | D        | Killed a large bag of meat
    34 | D        | Killed a large bag of meat
    34 | D        | Reached XP level 24. HP: 249/249 MP: 20/53
    35 | D        | Killed a destroyer
    38 | D        | Reached XP level 25. HP: 257/257 MP: 21/53
    43 | D        | Noticed an accursed
    44 | D        | Noticed a destroyer
    48 | D        | Killed a destroyer
    48 | D        | Reached XP level 26. HP: 137/266 MP: 24/53
    48 | D        | Killed a destroyer
    52 | D        | Noticed an accursed
    52 | D        | Killed an accursed
    52 | D        | Reached XP level 27. HP: 248/273 MP: 25/53
    54 | D        | Noticed a tyrant
    56 | D        | Killed an accursed
    58 | D        | Noticed a dread
    59 | D        | Noticed an accursed
    63 | D        | Noticed a large bag of meat
    64 | D        | Killed a tyrant
    64 | D        | Noticed an accursed
    64 | D        | Noticed a destroyer
    67 | D        | Noticed a destroyer
    67 | D        | Noticed a destroyer
    67 | D        | Noticed a dread
    68 | D        | Noticed a meat beast
    69 | D        | Noticed a dread
    69 | D        | Noticed a meat beast
    70 | D        | Killed a destroyer
    71 | D        | Killed a large bag of meat
    71 | D        | Killed a meat beast
    71 | D        | Killed a destroyer
    72 | D        | Noticed an accursed
    72 | D        | Noticed a destroyer
    72 | D        | Noticed a destroyer
    74 | D        | Killed a meat beast
    74 | D        | Noticed a destroyer
    75 | D        | Noticed a large bag of meat
    75 | D        | Noticed a large bag of meat
    76 | D        | Killed an accursed
    76 | D        | Killed a dread
    77 | D        | Killed a dread
    77 | D        | Noticed a meat beast
    80 | D        | Noticed a meat beast
    81 | D        | Killed a destroyer
    83 | D        | Killed a destroyer
    83 | D        | Killed a meat beast
    84 | D        | Killed a destroyer
    86 | D        | Killed a destroyer
    87 | D        | Noticed a meat beast
    91 | D        | Killed a meat beast
    91 | D        | Killed a meat beast
    91 | D        | Noticed a large bag of meat
    92 | D        | Noticed a destroyer
    94 | D        | Killed a large bag of meat
    94 | D        | Noticed a destroyer
    95 | D        | Killed an accursed
    97 | D        | Killed a dread
    99 | D        | Noticed an accursed
    99 | D        | Killed a large bag of meat
   100 | D        | Noticed a meat beast
   102 | D        | Noticed a large bag of meat
   105 | D        | Killed a meat beast
   106 | D        | Killed a destroyer
   107 | D        | Killed a destroyer
   110 | D        | Noticed a dread
   112 | D        | Killed a large bag of meat
   112 | D        | Noticed an accursed
   113 | D        | Noticed a dread
   114 | D        | Noticed an accursed
   115 | D        | Killed a dread
   117 | D        | Killed an accursed
   118 | D        | Killed a dread
   120 | D        | Noticed a fleshlord
   121 | D        | Killed a fleshlord
   123 | D        | Noticed a tyrant
   125 | D        | Noticed a fleshlord
   126 | D        | Killed an accursed
   128 | D        | Killed an accursed
   129 | D        | Killed a tyrant
   133 | D        | Killed a fleshlord
   136 | D        | Noticed a meat beast
   137 | D        | Noticed a destroyer
   137 | D        | Noticed an accursed
   137 | D        | Noticed a destroyer
   137 | D        | Noticed an accursed
   137 | D        | Noticed The Captor
   137 | D        | Noticed a dread
   137 | D        | Noticed a dread
   137 | D        | Noticed a dread
   138 | D        | Killed a destroyer
   140 | D        | Noticed an accursed
   141 | D        | Killed a destroyer
   142 | D        | Noticed a destroyer
   142 | D        | Noticed a large bag of meat
   142 | D        | Noticed a tyrant
   143 | D        | Killed The Captor
   146 | D        | Noticed The Meatlord
   146 | D        | Noticed a tyrant
   148 | D        | Killed a destroyer
   149 | D        | Killed an accursed
   149 | D        | Noticed a destroyer
   150 | D        | Noticed a fleshlord
   150 | D        | Killed a dread
   151 | D        | Killed an accursed
   152 | D        | Killed a destroyer
   156 | D        | Killed a dread
   158 | D        | Noticed The Servant
   159 | D        | Killed a fleshlord
   160 | D        | Killed The Meatlord
   161 | D        | Got the Orb of Zot
   163 | D        | Noticed a large bag of meat
   163 | D        | Noticed a meat beast
   163 | D        | Noticed a tyrant
   164 | D        | Noticed a meat beast
   165 | D        | Killed a tyrant
   167 | D        | Noticed a meat beast
   167 | D        | Noticed a tyrant
   168 | D        | Noticed a fleshlord
   168 | D        | Noticed a tyrant
   169 | D        | Escaped with the Orb!

Levels and vault maps discovered:
D:        meatsprint

Skill      XL: |  1  2  3  4  5  6  7  8  9 10 11 12 13 14 15 16 17 18 19 20 21 22 23 |
---------------+----------------------------------------------------------------------+-----
Fighting       | 12 13 15 16 20 23 26 27 | 27.0
Axes           | 4 5 8 10 17 20 25 27 | 27.0
Throwing       | 11 13 14 17 18 21 27 | 27.0
Dodging        | 18 20 22 24 27 | 27.0
Unarmed Combat | 21 23 25 27 | 27.0
Armour         | 4 5 8 16 27 | 27.0
Stealth        | 10 23 27 | 27.0
Spellcasting   | 6 17 24 27 | 27.0
Invocations    | 9 21 27 | 27.0

Action                   |  1- 3 |  4- 6 |  7- 9 | 10-12 | 13-15 | 16-18 | 19-21 | 22-24 | 25-27 || total
-------------------------+-------+-------+-------+-------+-------+-------+-------+-------+-------++-------
Melee: Executioner's axe |     1 |       |       |       |     3 |     4 |     4 |     8 |    90 ||   110
Invok: Greater Servant o |       |       |       |       |       |       |       |       |     1 ||     1
 Stab: Distracted        |       |       |       |       |       |       |       |       |     1 ||     1
       Held in net/web   |       |       |       |       |       |       |       |       |     1 ||     1
Armor: Leather armour    |       |       |       |       |       |       |       |       |     4 ||     4
Dodge: Dodged            |       |       |       |       |       |       |     1 |       |    29 ||    30

Table legend:
 A = Non-vault XP
 B = Vault XP
 C = Vault XP percentage of total XP
 D = Non-vault monster count
 E = Vault monster count
 F = Vault count percentage of total count
                 A         B        C        D         E       F
            +---------+---------+-------+---------+---------+-------
      Total | 6073047 | 1649690 |  21.4 |     138 |      72 |  34.3
            +---------+---------+-------+---------+---------+-------
          D | 6073047 | 1649690 |  21.4 |     138 |      72 |  34.3
            +---------+---------+-------+---------+---------+-------
